 Dungeon Crawl Stone Soup version 0.27.0 (webtiles) character file.

Game seed: 5895702355790773447

42 snetch the Magician (level 3, 0/25 HPs)
             Began as a Djinni Fire Elementalist on July 30, 2021.
             Was a Follower of Uskayaw.
             Slain by a gnoll (8 damage)
             ... on level 3 of the Dungeon.
             The game lasted 00:03:58 (1472 turns).

snetch the Magician (Djinni Fire Elementalist)      Turns: 1472, Time: 00:03:58

Health: 0/25       AC:  3    Str:  7    XL:     3   Next: 80%
Gold:   56         EV: 12    Int: 17    God:    Uskayaw [*.....] SH:  0 Dex: 13

rFire    + + .     SeeInvis .   b - +2 dagger (drain)
rCold    x . .     Faith    .   (no shield)
rNeg     . . .     Spirit   .   a - +0 robe
rPois    ∞         Reflect  .   h - +0 helmet
rElec    .         Harm     .   (no cloak)
rCorr    .         Rampage  .   (no gloves)
Will     .....                  (boots unavailable)
Stlth    ++........             (no amulet)
HPRegen  0.08/turn              (no ring)
MPRegen  0.00/turn              (no ring)

@: flying
A: sickness immunity, fire resistance 2, cold vulnerability 1, float, innate
caster, hp casting, extra vitality 1
a: Renounce Religion, Stomp


You were on level 3 of the Dungeon.
You worshipped Uskayaw.
Uskayaw was noncommittal.
You visited 1 branch of the dungeon, and saw 3 of its levels.

You collected 56 gold pieces.

Inventory:

Hand Weapons
 b - a +2 dagger of draining (weapon)
 d - a +1 dagger of flaming
Missiles
 c - 43 stones
Armour
 a - a +0 robe (worn)
 h - a +0 helmet (worn)
Scrolls
 f - a scroll of holy word {unknown}
 i - a scroll of amnesia {unknown}
Potions
 e - a potion of brilliance {unknown}
 g - 2 potions of lignification {unknown}


   Skills:
 + Level 2.4 Dodging
 + Level 1.8 Stealth
 + Level 3.3 Spellcasting


You couldn't memorise any spells.
You knew the following spells:

 Your Spells              Type           Power      Damage    Failure   Level
a - Foxfire               Conj/Fire      56%        2x1d6     4%          1
b - Conjure Flame         Conj/Fire      14%        6-21      13%         3
c - Inner Flame           Hex/Fire       14%        N/A       13%         3
d - Sticky Flame          Conj/Fire      14%        2d4       41%         4
e - Fireball              Conj/Fire      7%         3d5       77%         5
f - Freeze                Ice            56%        1d7       4%          1
Your spell library was empty.

Dungeon Overview and Level Annotations

Branches:
Dungeon (3/15)

Altars:
Uskayaw

Annotations:
D:3 weapons behind stone


Innate Abilities, Weirdness & Mutations

You are immune to sickness and miasma.
You are immune to poison.
Your flesh is very heat resistant. (rF++)
You are vulnerable to cold. (rC-)
You float through the air rather than walking.
You learn spells naturally, not from books.
Your magical power is your life essence.
You have superior vitality. (+4 HP)


Message History

The giant cockroach closely misses you.
You conjure some foxfire!
The giant cockroach bites you but does no damage.
The foxfire hits the giant cockroach.
The giant cockroach is almost dead.
The foxfire hits the giant cockroach but does no damage.
The giant cockroach is almost dead.
The giant cockroach bites you but does no damage.
You can now pass through a line of other dancers.
You conjure some foxfire!
The giant cockroach bites you but does no damage.
You conjure some foxfire!
The foxfire hits the giant cockroach.
You kill the giant cockroach!
Your foxfire dissipates!
A gnoll comes into view. It is wielding a +0 spear.
You can no longer pass through a line of other dancers.
Found a stone staircase leading up. 2 gnolls come into view.
The gnoll shouts!
Found 9 gold pieces.
Found a stone staircase leading down.
You conjure some foxfire!
The gnoll shouts!
You conjure some foxfire!
The foxfire hits the gnoll.
The gnoll is lightly wounded.
The foxfire hits the gnoll.
The gnoll is heavily wounded.
A jackal comes into view.
Unknown command.
The foxfire hits the gnoll.
The gnoll is severely wounded.
The gnoll hits you from afar with a +0 spear.
The gnoll hits you from afar with a +0 spear.
You are too injured to fight recklessly!
Casting: Foxfire (safe; 4% risk of failure)
Press: ? - help, Q - select action, (/) - cycle Dir - look around, f - activate You conjure some foxfire!
The gnoll barely misses you.
The gnoll hits you from afar with a +0 spear!
You die...

##....8...##
........$..#
....8...8..#
#.........#
#.....8.#.#
#.#.##.#
#.####.######
#...........#
########.####.#
###
.....v§.....#.#
#....#
.#########....#
#.##.#
##..(##..###..#
#.##.#


You could see 3 gnolls and a jackal.

Vanquished Creatures
  2 dart slugs (D:1)
  3 ball pythons (D:1)
  2 bats (D:1)
  3 endoplasms
  3 giant cockroaches
  A goblin (D:1)
  10 jackals
  A quokka (D:1)
  2 frilled lizards (D:1)
  3 kobolds (D:1)
  5 rats
35 creatures vanquished.

Vanquished Creatures (others)
  108 foxfires
108 creatures vanquished.

Grand Total: 143 creatures vanquished

Notes
Turn   | Place    | Note
-------+----------+-------------------------------------------
     0 | D:1      | snetch the Djinni Fire Elementalist began the quest for the
                  | Orb.
     0 | D:1      | Reached XP level 1. HP: 15/15 MP: 0/0
   102 | D:1      | Reached XP level 2. HP: 15/21 MP: 0/0
   321 | D:1      | Found a faded altar of an unknown god.
   331 | D:1      | Became a worshipper of Uskayaw the Reveller
   331 | D:1      | Reached * piety under Uskayaw
   530 | D:1      | Reached ** piety under Uskayaw
   697 | D:1      | Reached skill level 3 in Spellcasting
   700 | D:1      | Reached XP level 3. HP: 19/25 MP: 0/0
   700 | D:1      | Learned a level 1 spell: Freeze
   902 | D:1      | Reached *** piety under Uskayaw
   913 | D:1      | Reached **** piety under Uskayaw
  1425 | D:3      | Found a hide-covered altar of Uskayaw.
  1425 | D:3      | Noticed a +0 falchion
  1426 | D:3      | Noticed a +0 dagger
  1426 | D:3      | Noticed a +0 falchion
  1426 | D:3      | Noticed a +0 spear
  1426 | D:3      | Noticed a +0 dagger
  1427 | D:3      | Noticed a +0 spear
  1427 | D:3      | Noticed a +0 short sword
  1428 | D:3      | Noticed a +0 short sword
  1472 | D:3      | Slain by a gnoll

Illustrated notes

Levels and vault maps discovered:
D:1:      lightli_arrival_boilingwater, layout_loops_ring,
          chequers_ecumenical_altar_island, minmay_pentomino_p4
D:2:      layout_basic, serial_shops, shop
D:3:      layout_loops_ring, nicolae_uskayaw_en_pointe, gup_sewer_entry_bubbles,
          grunt_ministairs_2

Skill      XL: |  1  2 |
---------------+-------+-----
Spellcasting   | 3 |  3.3
Dodging        | |  2.4
Stealth        | |  1.8

Action                   || total
-------------------------++-------
Melee: Dagger            ||     1
 Cast: Foxfire           ||    64
Armor: Robe              ||     6
Dodge: Dodged            ||    12
